 Dungeon Crawl Stone Soup version 0.18.1-47-g9310371 (console) character file.

88034 Kloppie the Bludgeoner (level 15, -4/145 HPs)
             Began as a Minotaur Berserker on June 23, 2016.
             Was the Champion of Trog.
             Slain by a harpy (18 damage)
             ... summoned by Kirke
             ... on level 12 of the Dungeon.
             The game lasted 00:45:58 (18759 turns).

Kloppie the Bludgeoner (Minotaur Berserker)        Turns: 18759, Time: 00:45:58

Health: -4/145     AC:  0    Str: 23    XL:     15   Next: 45%
Magic:  14/14      EV: 22    Int:  4    God:    Trog [******]
Gold:   1441       SH:  0    Dex: 15    Spells: 0 memorised, 14 levels left

rFire  . . .     SeeInvis .     (weapon currently unavailable)
rCold  . . .     Gourm    .     (armour currently unavailable)
rNeg   . . .     Faith    .     (shield currently unavailable)
rPois  .         Spirit   .     (helmet currently unavailable)
rElec  .         Dismiss  .     (cloak currently unavailable)
rCorr  .         Reflect  .     (gloves currently unavailable)
SustAt .         Harm     .     (boots currently unavailable)
MR     +....                    u - amulet of regeneration
Stlth  +.........               (ring currently unavailable)
                                (ring currently unavailable)

@: pig-form, slowed, somewhat resistant to hostile enchantments, very unstealthy
A: (retaliatory headbutt), (horns 0), evolution 1
a: Berserk, Trog's Hand, Brothers in Arms, Burn Spellbooks, Renounce Religion


You were on level 12 of the Dungeon.
You worshipped Trog.
Trog was exalted by your worship.
You were full.
You were a filthy swine.
You visited 3 branches of the dungeon, and saw 22 of its levels.
You also visited: Labyrinth and Ice Cave.

You collected 2548 gold pieces.
You spent 1107 gold pieces at shops.

Inventory:

Hand Weapons
 a - a +5 dire flail of freezing
 b - a +6 great mace of crushing (melded)
 k - a +4 great mace of crushing
 z - a +2 dire flail of holy wrath
Missiles
 y - 2 throwing nets (quivered)
Armour
 f - a +0 pair of gloves of dexterity (melded)
 t - the +5 ring mail "Lybemp" (melded) {rC+}
   (You found it on level 7 of the Dungeon)

   It protects you from cold.
 H - a +2 cloak of poison resistance (melded)
 X - a +2 pair of boots of flying (melded)
Jewellery
 e - an uncursed ring of resist corrosion
 j - a +3 ring of slaying (melded)
 u - an amulet of regeneration (around neck)
 C - an uncursed ring of protection from cold
 L - an uncursed ring of sustain attributes
 Q - an uncursed amulet of the gourmand
 T - a +4 ring of evasion (melded)
 V - the amulet of Life {Gourm rC- MR++ Slay-4 SInv}
   (You found it in a labyrinth)

   [amulet of the gourmand]

   It allows you to eat raw meat even when not hungry.
   It affects your accuracy and damage with ranged weapons and melee attacks
   (-4).
   It makes you vulnerable to cold.
   It affects your resistance to hostile enchantments.
   It lets you see invisible.
Wands
 m - a wand of digging (16/24)
 B - a wand of lightning (4/15)
 G - a wand of iceblast (3/15)
Scrolls
 i - 6 scrolls of blinking
 o - 2 scrolls of recharging
 r - 10 scrolls of remove curse
 v - 7 scrolls of identify
 w - 2 scrolls of fear
 x - 6 scrolls of teleportation
 E - a scroll of enchant armour
 R - a scroll of fog
Potions
 d - 7 potions of curing
 l - 7 potions of agility
 n - a potion of cancellation
 q - 5 potions of flight
 s - 3 potions of haste
 A - 5 potions of heal wounds
 D - 3 potions of cure mutation
 I - a potion of ambrosia
 J - 2 potions of might
 O - 2 potions of resistance
Comestibles
 c - 6 bread rations
 g - 2 beef jerkies
 h - 8 fruits
 p - 6 meat rations
 F - 8 slices of pizza


   Skills:
 + Level 16.3 Fighting
 - Level 20.7 Maces & Flails
 + Level 14.3 Armour
 - Level 10.4 Dodging


You had 14 spell levels left.
You didn't know any spells.

Dungeon Overview and Level Annotations

Branches:
Dungeon (12/15)            Temple (0/1) D:5            Lair (8/8) D:9
 Shoals (0/4) Lair:3        Snake (0/4) Lair:3        Slime (0/6) Lair:6
    Orc (2/2) D:9             Elf (0/3) Orc:2

Altars:
Ashenzari
Elyvilon
Fedhas
Makhleb
Nemelex Xobeh
Pakellas
Qazlal
Ru
Sif Muna
Trog
Vehumet
Xom
Zin
Beogh

Shops:
D:4 [   D:8 *   D:11 *!([!   Orc:1 !   Orc:2 ?*[}

Annotations:
D:9 exclusion: statue
D:12 Kirke


Innate Abilities, Weirdness & Mutations

((You reflexively headbutt those who attack you in melee.))
((You have a pair of horns on your head.))
You evolve.


Message History

* * * LOW HITPOINT WARNING * * *
Kirke points at you and mumbles some strange words.
You struggle to resist.
The hog closely misses you.
You barely miss Kirke.
Kirke is moderately wounded.
The harpy claws you!!
* * * LOW HITPOINT WARNING * * *
The harpy closely misses you. The harpy barely misses you.
The harpy completely misses you.
The crimson imp blinks!
The hog bites you!
* * * LOW HITPOINT WARNING * * *
Kirke hits you!
* * * LOW HITPOINT WARNING * * *
The hog bites you.
* * * LOW HITPOINT WARNING * * *
Kirke hits you!
* * * LOW HITPOINT WARNING * * *
The harpy misses you. x2
The harpy screeches!
The harpy claws you!!
You die...

#.......#
#.......#
#.....(.###
#.........#
##.#......#
#.#....(.#
#5#...<..# .
#.#......#
...###H#h##.###
.....h.#H##.#
#....hh@.##.#
##.########.#
.#


You could see Kirke and a harpy.

Vanquished Creatures
  Maud (Orc:1)
  Donald (Orc:2)
  A frost giant (IceCv)
  A stone giant (Orc:2)
  A minotaur (Lab)
  10 hydras
  17 death yaks
  A queen ant (Lair:2)
  Sonja (Orc:2)
  A lindwurm (Lair:6)
  A hill giant (D:11)
  The ghost of stultus the Magician, a novice GrEE of Vehumet (D:8)
  Pikel (D:6)
  3 oklob plants (Lair:6)
  2 griffons
  2 orc knights (Orc:2)
  4 orc sorcerers
  2 cyclopes
  An ice statue (IceCv)
  11 elephants
  6 black mambas
  A torpor snail (Lair:8)
  A gargoyle (D:12)
  9 spiny frogs
  A centaur skeleton (D:12)
  3 rime drakes
  10 komodo dragons
  A spriggan druid (Lair:8)
  4 trolls
  21 polar bears
  Prince Ribbit (Lair:2)
  30 blink frogs
  Sigmund (D:2)
  13 spriggans (Lair:8)
  A vampire (D:10)
  5 redbacks (Lair:8)
  18 water moccasins
  3 basilisks
  A wyvern (D:11)
  52 yaks
  Eustachio (D:4)
  2 steam dragons
  Grum (D:11)
  10 hippogriffs
  A warg (Orc:1)
  A mottled dragon (Lair:7)
  5 soldier ants
  6 porcupines
  A swamp drake (Lair:7)
  14 orc warriors
  3 sky beasts
  4 wasps
  10 black bears
  3 ice beasts
  10 ogres
  A necrophage (D:10)
  41 wolves
  7 centaurs
  14 crocodiles
  3 big kobolds (D:8)
  2 gnoll sergeants (D:9)
  16 giant frogs
  3 scorpions
  10 killer bees (D:11)
  10 wights
  5 electric eels
  2 howler monkeys
  5 crimson imps
  5 hounds
  2 quasits
  3 jellies
  10 orc priests
  2 giant frog skeletons
  8 iguanas
  11 orc wizards
  29 worker ants
  A killer bee zombie (D:8)
  26 sheep
  2 hound zombies
  A worker ant zombie (D:6)
  11 gnolls
  11 adders
  51 river rats
  A shadow imp (D:6)
  An ooze (D:4)
  An adder skeleton (D:4)
  3 worms
  3 dart slugs
  2 giant geckos
  73 orcs
  4 giant cockroaches
  6 goblins
  4 hobgoblins
  12 jackals
  2 kobolds
  7 quokkas
  2 ball pythons
  5 bats
  2 giant cockroach zombies
  8 giant newts
  A quokka skeleton (D:8)
  7 rats
  A bush (D:6)
  A butterfly (D:4)
755 creatures vanquished.

Vanquished Creatures (collateral kills)
  3 orc high priests (Orc:2)
  3 orc knights (Orc:2)
  An orc sorcerer (Orc:2)
  Psyche (D:10)
  2 orc warriors (Orc:2)
  A giant frog (D:10)
  A quasit (D:10)
  2 orc wizards (Orc:2)
  2 orc priests (Orc:2)
16 creatures vanquished.

Vanquished Creatures (others)
  A slave (D:6)
  A bush (Lair:8)
  29 fungi
  8 plants
39 creatures vanquished.

Grand Total: 810 creatures vanquished

Notes
Turn   | Place    | Note
--------------------------------------------------------------
     0 | D:1      | Kloppie the Minotaur Berserker began the quest for the Orb.
     0 | D:1      | Reached XP level 1. HP: 19/19 MP: 0/0
   171 | D:1      | Reached XP level 2. HP: 27/27 MP: 1/1
   222 | D:1      | Reached skill level 4 in Maces & Flails
   801 | D:2      | Reached ** piety under Trog
   807 | D:2      | Reached XP level 3. HP: 20/33 MP: 2/2
   868 | D:2      | Noticed Sigmund
   884 | D:2      | Killed Sigmund
   884 | D:2      | Reached skill level 5 in Fighting
   884 | D:2      | Reached skill level 6 in Maces & Flails
   884 | D:2      | Reached XP level 4. HP: 14/44 MP: 3/3
   884 | D:2      | Reached XP level 5. HP: 16/50 MP: 4/4
  1561 | D:3      | Found a sparkling altar of Nemelex Xobeh.
  1810 | D:3      | Reached XP level 6. HP: 45/57 MP: 5/5
  2025 | D:3      | Found an oddly glowing altar of Pakellas.
  2046 | D:3      | Reached *** piety under Trog
  2079 | D:3      | Found a glowing silver altar of Zin.
  2090 | D:3      | Found a bloodstained altar of Trog.
  2184 | D:3      | Found a burning altar of Makhleb.
  2383 | D:4      | Found a shimmering altar of Xom.
  2484 | D:4      | Found a stormy altar of Qazlal.
  2674 | D:4      | Noticed Eustachio
  2695 | D:4      | Killed Eustachio
  2695 | D:4      | Reached skill level 7 in Maces & Flails
  2796 | D:4      | Found a deep blue altar of Sif Muna.
  2906 | D:4      | Reached XP level 7. HP: 64/66 MP: 6/6
  2976 | D:4      | Found Japsatt's Armour Shoppe.
  3132 | D:5      | Entered Level 5 of the Dungeon
  3136 | D:5      | Found a staircase to the Ecumenical Temple.
  3357 | D:5      | Found a shattered altar of Ashenzari.
  3650 | D:5      | Reached skill level 8 in Maces & Flails
  3909 | D:5      | Found a sparkling altar of Nemelex Xobeh.
  4211 | D:6      | Reached XP level 8. HP: 46/75 MP: 7/7
  4220 | D:6      | Reached skill level 9 in Maces & Flails
  4513 | D:6      | Found a bloodstained altar of Trog.
  4829 | D:6      | Noticed Pikel
  4851 | D:6      | Reached **** piety under Trog
  4851 | D:6      | Reached skill level 10 in Maces & Flails
  4862 | D:6      | Killed Pikel
  4862 | D:6      | Reached skill level 10 in Fighting
  4862 | D:6      | Reached XP level 9. HP: 86/86 MP: 8/8
  5082 | D:7      | Reached skill level 11 in Maces & Flails
  5261 | D:7      | Got a translucent ring mail
  5272 | D:7      | Identified the +5 ring mail "Lybemp" {rC+} (You found it on level 7 of the Dungeon)
  5325 | D:7      | Found a blossoming altar of Fedhas.
  5507 | D:7      | Found a white marble altar of Elyvilon.
  5964 | D:8      | Reached skill level 12 in Maces & Flails
  6012 | D:8      | Noticed a three-headed hydra
  6023 | D:8      | Killed a three-headed hydra
  6023 | D:8      | Reached XP level 10. HP: 48/99 MP: 9/9
  6247 | D:8      | Noticed stultus's ghost (novice GrEE)
  6254 | D:8      | Killed stultus's ghost
  6296 | D:8      | Reached skill level 13 in Maces & Flails
  6369 | D:8      | Found Geps's General Store.
  6376 | D:8      | Bought a scroll of teleportation for 48 gold pieces
  6376 | D:8      | Bought a +2 cloak of poison resistance for 296 gold pieces
  6460 | D:8      | Found a sacrificial altar of Ru.
  6839 | D:9      | Reached ***** piety under Trog
  7246 | D:9      | Found a radiant altar of Vehumet.
  7346 | D:9      | Found a staircase to the Lair.
  7736 | D:9      | Found a staircase to the Orcish Mines.
  7878 | D:9      | Found a roughly hewn altar of Beogh.
  8151 | Lair:1   | Entered Level 1 of the Lair of Beasts
  8284 | Lair:1   | Reached skill level 14 in Maces & Flails
  8295 | Lair:1   | Reached XP level 11. HP: 75/110 MP: 10/10
  8932 | Lair:1   | Reached skill level 5 in Armour
  9324 | Lair:2   | Reached skill level 5 in Dodging
  9413 | Lair:2   | Noticed a queen ant
  9423 | Lair:2   | Killed a queen ant
  9446 | Lair:2   | Reached ****** piety under Trog
  9618 | Lair:2   | Received a gift from Trog
  9875 | Lair:2   | Noticed Prince Ribbit
  9878 | Lair:2   | Reached XP level 12. HP: 112/117 MP: 11/11
  9884 | Lair:2   | Killed Prince Ribbit
  9910 | Lair:2   | Noticed a six-headed hydra
  9913 | Lair:2   | Killed a six-headed hydra
 10404 | Lair:3   | Found a staircase to the Snake Pit.
 10515 | Lair:3   | Reached skill level 10 in Armour
 10640 | Lair:3   | Found a staircase to the Shoals.
 10692 | Lair:3   | Received a gift from Trog
 11133 | Lair:4   | Received a gift from Trog
 11196 | Lair:4   | Reached skill level 10 in Dodging
 11603 | Lair:5   | Found a frozen archway.
 11627 | IceCv    | Entered an ice cave
 11971 | IceCv    | Reached skill level 15 in Maces & Flails
 12044 | IceCv    | Noticed a frost giant
 12048 | IceCv    | Reached XP level 13. HP: 120/124 MP: 12/12
 12063 | IceCv    | Killed a frost giant
 12411 | Lair:5   | Reached skill level 16 in Maces & Flails
 12418 | Lair:5   | Received a gift from Trog
 12756 | Lair:5   | Reached skill level 17 in Maces & Flails
 12835 | Lair:5   | Reached skill level 18 in Maces & Flails
 12924 | Lair:5   | Received a gift from Trog
 13059 | Lair:6   | Found a labyrinth entrance.
 13074 | Lab      | Entered a labyrinth
 13342 | Lab      | Noticed a minotaur
 13352 | Lab      | Killed a minotaur
 13376 | Lab      | Got a serpentine golden amulet
 13380 | Lair:6   | Identified the amulet of Life {Gourm rC- MR++ Slay-4 SInv} (You found it in a labyrinth)
 14005 | Lair:6   | Found a staircase to the Slime Pits.
 14176 | Lair:6   | Reached skill level 19 in Maces & Flails
 14225 | Lair:7   | Reached XP level 14. HP: 132/132 MP: 13/13
 15091 | Lair:8   | Entered Level 8 of the Lair of Beasts
 15174 | Lair:8   | Reached skill level 20 in Maces & Flails
 15426 | Lair:8   | Received a gift from Trog
 15885 | Lair:8   | Reached skill level 15 in Fighting
 16181 | Lair:8   | Received a gift from Trog
 16650 | Orc:1    | Entered Level 1 of the Orcish Mines
 16650 | Orc:1    | Found Deney's Distillery.
 16684 | Orc:1    | Bought a potion of degeneration for 12 gold pieces
 16684 | Orc:1    | Bought a potion of brilliance for 48 gold pieces
 16684 | Orc:1    | Bought a potion of mutation for 30 gold pieces
 16684 | Orc:1    | Bought a potion of berserk rage for 60 gold pieces
 16684 | Orc:1    | Bought a potion of heal wounds for 60 gold pieces
 16721 | Orc:1    | Reached XP level 15. HP: 141/141 MP: 14/14
 16906 | Orc:2    | Entered Level 2 of the Orcish Mines
 16906 | Orc:2    | Noticed Sonja
 16906 | Orc:2    | Noticed Maud
 16925 | Orc:1    | Killed Maud
 17058 | Orc:2    | Killed Sonja
 17155 | Orc:2    | Found a staircase to the Elven Halls.
 17249 | Orc:2    | Found Urphoiv's Magic Scroll Boutique.
 17249 | Orc:2    | Found Haluhefo's Gadget Emporium.
 17251 | Orc:2    | Found Layzyps's General Store.
 17251 | Orc:2    | Found Xuidd's Antique Armour Emporium.
 17506 | Orc:2    | Noticed Donald
 17510 | Orc:2    | Killed Donald
 17512 | Orc:2    | Got a distressingly furry shield
 17513 | Orc:2    | Identified the +5 shield of Buysih {rC+ rCorr Int-5 Dex+5} (You took it off Donald on level 2 of the Orcish Mines)
 17537 | Orc:2    | Received a gift from Trog
 17643 | D:10     | Entered Level 10 of the Dungeon
 17659 | D:10     | Noticed Psyche
 17665 | D:10     | Killed Psyche
 18103 | D:11     | Found Cipt's Distillery.
 18143 | D:11     | Bought 2 potions of might for 104 gold pieces
 18162 | D:11     | Noticed Grum
 18171 | D:11     | Killed Grum
 18237 | D:11     | Found Curgh's General Store.
 18293 | D:11     | Found Cetaef's Distillery.
 18314 | D:11     | Bought a potion of beneficial mutation for 350 gold pieces
 18314 | D:11     | Gained mutation: You evolve. [potion of beneficial mutation]
 18387 | D:11     | Found Hywneu's Antique Weapon Shoppe.
 18486 | D:11     | Found Xystiapu's Antique Armour Emporium.
 18489 | D:11     | Bought a pair of runed gloves for 99 gold pieces
 18742 | D:12     | Noticed Kirke
 18759 | D:12     | Slain by a harpy

Skill      XL: |  1  2  3  4  5  6  7  8  9 10 11 12 13 14 15 |
---------------+----------------------------------------------+-----
Fighting       | 4 5 6 7 8 10 12 14 15 16 | 16.3
Maces & Flails | 4 6 7 8 10 12 14 15 19 20 | 20.7
Armour         | 9 11 12 14 | 14.3
Dodging        | 8 10 | 10.4

Action                   |  1- 3 |  4- 6 |  7- 9 | 10-12 | 13-15 || total
-------------------------+-------+-------+-------+-------+-------++-------
Melee: Mace              |    53 |   100 |    33 |       |       ||   186
       Headbutt          |     9 |    19 |    60 |   128 |   210 ||   426
       Flail             |       |       |   226 |   132 |       ||   358
       Dire flail        |       |       |       |   483 |   401 ||   884
       Great mace        |       |       |       |       |   435 ||   435
       Unarmed           |       |       |       |       |    13 ||    13
Throw: Throwing net      |       |       |       |       |     5 ||     5
Invok: Berserk           |     1 |       |     1 |     2 |     1 ||     5
       Trog's Hand       |       |     1 |     2 |     1 |     8 ||    12
       Brothers in Arms  |       |       |       |       |     3 ||     3
 Abil: Stop Flying       |       |       |       |       |     1 ||     1
Evoke: Wand              |       |       |     5 |     2 |     1 ||     8
  Use: Scroll            |       |     8 |     4 |    17 |     9 ||    38
       Potion            |       |       |       |       |     1 ||     1
  Eat: Chunk             |       |     7 |    12 |    17 |    16 ||    52
       Bread ration      |       |       |       |     1 |       ||     1
       Meat ration       |       |       |       |       |     2 ||     2
       Fruit             |       |       |       |       |     3 ||     3
Armor: Animal skin       |    10 |     9 |       |       |       ||    19
       Scale mail        |       |    26 |    68 |       |       ||    94
       Ring mail         |       |       |    31 |   171 |   270 ||   472
Dodge: Dodged            |    49 |    62 |   133 |   316 |   714 ||  1274
